 Dungeon Crawl Stone Soup version 0.30.1-9-gdf580d7c3d (webtiles) character file.

Game seed: 4525064094376953994

3142 booth the Ruffian (level 9, -4/79 HPs)
             Began as a Troll Gladiator on Oct 19, 2023.
             Was a Believer of Hepliaklqana.
             Slain by Joseph
             ... wielding a +0 quarterstaff
              (18 damage)
             ... on level 8 of the Dungeon on Oct 20, 2023.
             The game lasted 00:44:33 (6777 turns).

booth the Ruffian (Troll Gladiator)                 Turns: 6777, Time: 00:44:34

Health: -4/79      AC:  0    Str: 26    XL:     9   Next: 61%
Magic:  8/8        EV: 16    Int:  6    God:    Hepliaklqana [**....]
Gold:   135        SH:  0    Dex: 11    Spells: 8/8 levels left

rFire   . . .        f - melded +1 mace (chaos)
rCold   . . .        (shield currently unavailable)
rNeg    . . .        a - melded +0 robe
rPois   .            b - melded +1 hat
rElec   .            k - melded +1 cloak
rCorr   .            (gloves unavailable)
SInv    .            (boots unavailable)
Will    .....        (no amulet)
Stlth   +            o - melded +6 ring of strength
HPRegen 1.13/turn    (ring currently unavailable)
MPRegen 0.11/turn

%: no passive effects
@: pig-form (expiring), very quick
A: fast, no casting, reduced essence, small, unfitting armour, (claws 3),
regeneration 1, (shaggy fur 1), (tough skin 1)
a: Renounce Religion, Recall Ancestor, Ancestor Identity


You were on level 8 of the Dungeon.
You worshipped Hepliaklqana.
Hepliaklqana was pleased with you.
You were a filthy swine.
You visited 2 branches of the dungeon, and saw 9 of its levels.
You also visited: Sewer.

You collected 352 gold pieces.
You spent 217 gold pieces at shops.

Inventory:

Hand Weapons
 f - a +1 mace of chaos (melded)
Missiles
 c - 3 throwing nets
 i - 7 poisoned darts (quivered)
 G - 4 javelins
 K - 4 curare-tipped darts
Armour
 a - a +0 robe (melded)
 b - a +1 hat (melded)
 k - a +1 cloak (melded)
Jewellery
 o - a +6 ring of strength (melded)
 H - an amulet of guardian spirit
Wands
 d - a wand of digging (5)
 v - a wand of quicksilver (2)
 w - a wand of polymorph (15)
 x - a wand of charming (18)
 C - a wand of roots (11)
 F - a wand of flame (17)
Scrolls
 e - 3 scrolls of amnesia
 g - a scroll of fog
 h - 6 scrolls of fear
 j - a scroll of teleportation
 m - a scroll of immolation
 y - a scroll of magic mapping
 z - a scroll of blinking
 A - a scroll of torment {unknown}
 D - a scroll of vulnerability {unknown}
 I - a scroll of enchant weapon
 L - a scroll of poison {unknown}
Potions
 l - 3 potions of berserk rage
 n - 2 potions of haste
 p - a potion of mutation {unknown}
 q - 2 potions of brilliance
 r - 2 potions of flight
 s - 3 potions of curing
 t - 2 potions of lignification
 u - a potion of resistance
 B - 2 potions of ambrosia
 J - a potion of experience {unknown}


   Skills:
 + Level 5.3 Fighting
 + Level 5.3 Maces & Flails
 + Level 5.7 Throwing
 + Level 5.6 Dodging
 + Level 6.7 Unarmed Combat


You had 8 spell levels left.
You didn't know any spells.
Your spell library contained the following spells:

 Spells                   Type           Power      Damage    Failure   Level
 Foxfire                  Conj/Fire      0%         2x1d4     45%         1
 Necrotise                Necr           0%         1d4       45%         1
 Inner Flame              Hex/Fire       0%         N/A       83%         3
 Vampiric Draining        Necr           0%         2d6       83%         3
 Flame Wave               Conj/Fire      0%         2d4       99%         4
 Ice Form                 Ice/Tmut       0%         N/A       99%         4
 Petrify                  Tmut/Erth      0%         N/A       99%         4
 Sticky Flame             Conj/Fire      0%         2d3       99%         4
 Agony                    Necr           0%         N/A       100%        5
 Blade Hands              Tmut           0%         N/A       100%        5
 Metabolic Englaciation   Hex/Ice        0%         N/A       100%        5
 Statue Form              Tmut/Erth      0%         N/A       100%        6


Dungeon Overview and Level Annotations

Branches:
Dungeon (8/15)             Temple (1/1) D:4           Sewer (visited)
   Lair: D:8-11

Altars:
Ashenzari
Cheibriados
Dithmenos
Elyvilon
Fedhas
Gozag
Hepliaklqana
Kikubaaqudgha
Makhleb
Nemelex Xobeh
Okawaru
Sif Muna
Trog
Uskayaw
Vehumet
Wu Jian
Xom
Yredelemnul
Zin
The Shining One

Shops:
D:7 *

Annotations:
D:8 Joseph


Innate Abilities, Weirdness & Mutations

You are a filthy swine.
You move quickly.
Your equipment is almost entirely melded.
You are incapable of wielding weapons or throwing items.
You cannot cast spells.
Your life essence is reduced to manifest your ancestor. (-10% HP)
You are too large for most types of armour.
((You have claws for hands.))
Your natural rate of healing is unusually fast.
((You are covered in fur. (AC +1)))
((You have tough skin. (AC +1)))


Message History

Joseph shouts, "At last, some action!"
Joseph unwields a +0 quarterstaff.
Joseph wields a +0 sling.
Joseph shoots a sling bullet.
The sling bullet closely misses Prebea.
The sling bullet barely misses you.
Prebea barely misses Joseph.
Prebea hits Joseph with a +0 dagger of draining.
Prebea drains Joseph.
Joseph unwields a +0 sling.
Joseph wields a +0 quarterstaff.
Joseph hits Prebea with a +0 quarterstaff.
Prebea is destroyed!
Joseph hits you with a +0 quarterstaff!
You hit Joseph but do no damage.
Joseph is lightly wounded.
Joseph hits you with a +0 quarterstaff!
You hit Joseph but do no damage.
Joseph is lightly wounded.
Joseph hits you with a +0 quarterstaff!
You hit Joseph.
Joseph is lightly wounded.
You hit Joseph.
Joseph is lightly wounded.
Joseph hits you with a +0 quarterstaff!
You bite Joseph!
Joseph is moderately wounded.
Joseph hits you with a +0 quarterstaff!
You hit Joseph.
Joseph is heavily wounded.
Your transformation is almost over.
Joseph hits you with a +0 quarterstaff.
You feel better. Joseph closely misses you.
You hit Joseph.
Joseph is heavily wounded.
Joseph hits you with a +0 quarterstaff!
You hit Joseph.
Joseph is heavily wounded.
Joseph hits you with a +0 quarterstaff!!
* * * LOW HITPOINT WARNING * * *
You hit Joseph.
Joseph is heavily wounded.
Joseph hits you with a +0 quarterstaff!!
You die...

......#.......
.............. .
#............. ..
#............. ...
#.....#.)..... ...
#######..†.... ..
#....... ###.#######
#....... #...@h....#
#.......
#.........#####.......
#.....................
#.........#####.>.....
########### #####...
###


You could see Joseph (drained).

Vanquished Creatures
  Sigmund (D:6)
  An acid dragon (D:7)
  Duvessa (D:6)
  A sky beast (D:8)
  An ice beast (D:7)
  An ogre (D:7)
  A lemure (D:4)
  2 phantoms
  4 bullfrogs
  2 scorpions
  Dowan (D:6)
  A killer bee (D:7)
  3 howler monkeys (D:7)
  3 hounds
  A jelly (D:7)
  2 orc priests (D:7)
  Crazy Yiuf (D:2)
  Terence (D:2)
  An iguana (D:4)
  2 orc wizards (D:7)
  5 gnolls
  14 adders
  2 river rats
  A shadow imp (D:7)
  A white imp (D:7)
  A worm (D:3)
  2 dart slugs (D:3)
  9 orcs
  8 endoplasms
  3 giant cockroaches
  4 goblins
  4 hobgoblins
  11 jackals
  2 quokkas
  21 ball pythons
  8 bats
  A frilled lizard (D:2)
  7 kobolds
  32 rats
167 creatures vanquished.

Vanquished Creatures (collateral kills)
  A hornet (D:7)
  A wyvern (D:7)
  A sky beast (D:6)
  A black bear (D:8)
  A phantom (D:5)
  A kobold brigand (D:6)
  A bullfrog (D:6)
  A scorpion (D:7)
  4 killer bees (D:7)
  A gnoll bouda (D:7)
  A jelly (D:6)
  An orc wizard (D:7)
  4 gnolls (D:7)
  2 adders (D:6)
  4 orcs (D:7)
  A kobold (D:6)
26 creatures vanquished.

Vanquished Creatures (others)
  A hexer (D:8)
  An ancestor (D:6)
2 creatures vanquished.

Grand Total: 195 creatures vanquished

Notes
Turn   | Place    | Note
-------+----------+-------------------------------------------
     0 | D:1      | booth the Troll Gladiator began the quest for the Orb.
     0 | D:1      | Reached XP level 1. HP: 19/19 MP: 0/0
   212 | D:1      | Found a faded altar of an unknown god.
   350 | D:1      | Reached XP level 2. HP: 28/28 MP: 1/1
   753 | D:2      | Reached XP level 3. HP: 31/35 MP: 2/2
   767 | D:2      | Noticed Terence
   782 | D:2      | Killed Terence
   783 | D:2      | Reached skill level 1 in Maces & Flails
   849 | D:2      | Reached XP level 4. HP: 41/42 MP: 3/3
  1139 | D:2      | Identified the +2 dagger of Meycwidwoi {elec, Will+}
  1284 | D:2      | Got the Omnibus of Mutable Pyromania
  1367 | D:2      | Found a runed translucent door.
  1368 | D:2      | Noticed Crazy Yiuf
  1562 | D:2      | Killed Crazy Yiuf
  1987 | D:3      | Found a broken altar of Ashenzari.
  2009 | D:3      | Reached XP level 5. HP: 48/50 MP: 4/4
  2070 | D:3      | Found a glowing drain.
  2091 | Sewer    | Entered a sewer
  2497 | Sewer    | Reached skill level 4 in Unarmed Combat
  2497 | Sewer    | Reached XP level 6. HP: 46/59 MP: 5/5
  3217 | D:4      | Found a staircase to the Ecumenical Temple.
  3232 | Temple   | Entered the Ecumenical Temple
  3395 | Temple   | Became a worshipper of Hepliaklqana the Forgotten
  3543 | D:4      | Reached XP level 7. HP: 63/67 MP: 6/6
  3982 | D:5      | Entered Level 5 of the Dungeon
  4323 | D:5      | Reached * piety under Hepliaklqana
  4750 | D:5      | Found an opulent altar of Gozag.
  5160 | D:6      | Noticed Duvessa
  5164 | D:6      | Noticed Dowan
  5182 | D:6      | Reached skill level 5 in Unarmed Combat
  5182 | D:6      | Reached XP level 8. HP: 49/70 MP: 7/7
  5193 | D:6      | Killed Duvessa
  5238 | D:6      | Killed Dowan
  5328 | D:6      | Reached ** piety under Hepliaklqana
  5329 | D:6      | Remembered your ancestor Prebea as a hexer
  5354 | D:6      | Found a glowing golden altar of the Shining One.
  5461 | D:6      | Noticed Sigmund
  5469 | D:6      | Killed Sigmund
  5524 | D:6      | Found an iron altar of Okawaru.
  5784 | D:7      | Noticed a hornet
  5790 | D:7      | Killed a hornet
  5791 | D:7      | Reached skill level 5 in Throwing
  5883 | D:7      | Reached skill level 5 in Dodging
  5883 | D:7      | Reached XP level 9. HP: 74/76 MP: 8/8
  5907 | D:7      | Found a glowing silver altar of Zin.
  5911 | D:7      | Reached skill level 6 in Unarmed Combat
  5983 | D:7      | Found a shimmering blue altar of Sif Muna.
  6016 | D:7      | Found Lealacegh's Assorted Antiques.
  6027 | D:7      | Bought a runed ruby amulet for 125 gold pieces
  6027 | D:7      | Bought a glowing robe for 92 gold pieces
  6281 | D:7      | Found a radiant altar of Vehumet.
  6318 | D:7      | Reached skill level 5 in Fighting
  6334 | D:7      | Reached skill level 5 in Maces & Flails
  6335 | D:7      | Found a shimmering altar of Xom.
  6751 | D:8      | Noticed Joseph
  6777 | D:8      | Slain by Joseph

Illustrated notes

Levels and vault maps discovered:
D:1:      lordsloth_arrival_two_stooges, layout_basic,
          dreamdust_ecumenical_altar_hidden_monk_grotto, serial_glass,
          glass_columns_b, glass_columns_c, glass_columns_a, glass_columns_c,
          glass_columns_c, glass_columns_a
D:2:      layout_loops_corners, hangedman_decor_growths,
          uniq_crazy_yiuf_cottage, uniq_terence
D:3:      layout_loops_cross, mainiacjoe_overflow_alcove_2, portal_sewer_entry_a
D:4:      layout_basic, minmay_temple_entry_statues_fountains, uniq_pikel
D:5:      layout_gridville, mainiacjoe_overflow_small_starburst,
          minmay_misc_feat_chi
D:6:      layout_basic, tso_metal_star, mainiacjoe_overflow_surrounded_room,
          uniq_duvessa, uniq_sigmund
D:7:      layout_loops_ring, tgw_sif, lemuel_crystal_altar,
          mainiacjoe_overflow_catwalk_spiral, serial_shops, shop,
          roderic_roman_lattice
D:8:      layout_rooms, old_standard_altar, minmay_lair_entry_grove,
          gammafunk_ghost_grave, uniq_psyche, uniq_joseph
Temple:   hellmonk_temple_flake

Skill      XL: |  1  2  3  4  5  6  7  8  9 |
---------------+----------------------------+-----
Throwing       | 2 3 4 5 |  5.7
Fighting       | 2 3 4 5 |  5.3
Maces & Flails | 1 2 3 4 5 |  5.3
Dodging        | 3 4 5 |  5.6
Unarmed Combat | 4 5 6 |  6.7

Action                     |  1- 3 |  4- 6 |  7- 9 || total
---------------------------+-------+-------+-------++-------
  Melee: Unarmed           |    73 |   252 |   140 ||   465
         Punch             |     1 |     5 |     3 ||     9
         Mace              |       |       |    38 ||    38
  Throw: Large rock        |     1 |       |     4 ||     5
         Throwing net      |     1 |       |       ||     1
         Dart              |       |       |     6 ||     6
         Javelin           |       |       |     4 ||     4
 Invoke: Ancestor Identity |       |       |     1 ||     1
         Ancestor Life: He |       |       |     1 ||     1
  Evoke: Wand              |       |       |     1 ||     1
    Use: Scroll            |     2 |     5 |    13 ||    20
         Potion            |       |     5 |     6 ||    11
   Stab: Distracted        |       |       |     1 ||     1
 Armour: Robe              |    17 |   103 |    49 ||   169
  Dodge: Dodged            |    36 |   121 |    94 ||   251
